 Dungeon Crawl Stone Soup version 0.20-b1-18-gaa2fd62 (webtiles) character file.

9927 Firecrotchwizard the Cleaver (level 11, 0/99 HPs)
             Began as a Minotaur Berserker on May 24, 2017.
             Was a High Priest of Trog.
             Slain by a freezing wraith (5 damage)
             ... led by a death knight
             ... on level 11 of the Dungeon.
             The game lasted 00:33:01 (11061 turns).

Firecrotchwizard the Cleaver (Minotaur Berserker)  Turns: 11061, Time: 00:33:02

Health: 0/99       AC: 16    Str: 22    XL:     11   Next: 29%
Magic:  0/10       EV: 10    Int:  4    God:    Trog [*****.]
Gold:   331        SH: 10    Dex: 16    Spells: 10/10 levels left

rFire    . . .     SeeInvis .   a - +1 war axe
rCold    + . .     Gourm    .   t - +0 buckler
rNeg     . . .     Faith    .   J - +0 plate armour {rC+}
rPois    +         Spirit   +   (helmet restricted)
rElec    .         Reflect  +   A - scarf {Spirit}
rCorr    .         Harm     .   (no gloves)
MR       .....                  l - +1 pair of boots (curse)
Stlth    ..........             q - +4 amulet of reflection
Regen    0.3/turn               x - ring of poison resistance
MPRegen  0.2/turn               M - +3 ring of dexterity

@: slowed, very slow
A: retaliatory headbutt, horns 2
a: Berserk, Trog's Hand, Brothers in Arms, Burn Spellbooks, Renounce Religion


You were on level 11 of the Dungeon.
You worshipped Trog.
Trog was extremely pleased with you.
You were not hungry.

You visited 1 branch of the dungeon, and saw 11 of its levels.

You collected 736 gold pieces.
You spent 405 gold pieces at shops.

Inventory:

Hand Weapons
 a - a +1 war axe (weapon)
 b - a +0 hunting sling
 H - a +2 antimagic executioner's axe
Missiles
 w - 46 sling bullets
Armour
 l - a cursed +1 pair of boots (worn)
 t - a +0 buckler (worn)
 A - a scarf of spirit shield (worn)
 J - a +0 plate armour of cold resistance (worn)
Jewellery
 g - an uncursed ring of flight
 q - a +4 amulet of reflection (around neck)
 x - a ring of poison resistance (left hand)
 K - an uncursed ring of resist corrosion
 M - a +3 ring of dexterity (right hand)
 P - an uncursed ring of ice
 S - an uncursed ring of protection from fire
Wands
 s - a wand of digging (7/24)
 G - a wand of iceblast (4/15)
 I - a wand of digging (5/24)
 R - a wand of scattershot (4/9)
Scrolls
 d - a scroll of enchant armour
 f - 6 scrolls of teleportation
 h - a scroll of fear
 i - 3 scrolls of recharging
 n - 2 scrolls of magic mapping
 o - 5 scrolls of identify
 v - 4 scrolls of fog
 y - a scroll of summoning {unknown}
 z - 7 scrolls of remove curse
 T - 2 scrolls of enchant weapon
Potions
 c - 3 potions of ambrosia
 e - 2 potions of heal wounds
 j - 6 potions of curing
 k - a potion of cancellation
 r - 4 potions of magic
 u - 2 potions of flight {unknown}
 B - 2 potions of haste {unknown}
 C - a potion of agility {unknown}
 D - 4 potions of brilliance
 E - a potion of berserk rage {unknown}
 F - 2 potions of mutation {unknown}
 N - a potion of might {unknown}
 O - a potion of lignification {unknown}
Comestibles
 m - 4 meat rations
 p - 4 bread rations


   Skills:
 + Level 9.8 Fighting
 * Level 14.1 Axes
 - Level 2.2(2.3) Slings
 - Level 0.2(1.2) Throwing
 + Level 9.4 Armour
 + Level 6.3 Dodging
 - Level 5.5 Shields
 + Level 0.5 Evocations


You had 10 spell levels left.
You didn't know any spells.

Dungeon Overview and Level Annotations

Branches:
Dungeon (11/15)            Temple (0/1) D:7            Lair (0/6) D:11
    Orc (0/2) D:10

Altars:
Cheibriados
Gozag
Kikubaaqudgha
Makhleb
Qazlal
Sif Muna
Trog
Zin

Shops:
D:6 ((}   D:7 :   D:10 =   D:11 *![


Innate Abilities, Weirdness & Mutations

You reflexively headbutt those who attack you in melee.
You have a pair of horns on your head.


Message History

The skeletal warrior is moderately damaged.
You hit the freezing wraith.
The skeletal warrior hits you with a hand axe!
* * * LOW HITPOINT WARNING * * *
The freezing wraith hits you but does no damage. x2
You closely miss the skeletal warrior.
Your headbutt misses the skeletal warrior.
The skeletal warrior is moderately damaged.
Your plate armour prevents you from hitting the freezing wraith.
The skeletal warrior barely misses you. You furiously retaliate!
You headbutt the skeletal warrior. You block the freezing wraith's attack.
The freezing wraith closely misses you.
You slash the skeletal warrior!
The skeletal warrior is heavily damaged.
Your plate armour prevents you from hitting the freezing wraith.
You block the skeletal warrior's attack.
The freezing wraith hits you.
* * * LOW HITPOINT WARNING * * *
The freezing wraith freezes you. You resist.
You die...

#...# #.. #...#########
####....∩.....<.
................
................
#####.(######### #..#
#####..#################
...............(@z......
................W.......
##################......
...... ..... ..... ....
....


You could see a skeletal warrior and a freezing wraith.

Vanquished Creatures
  Erica (D:10)
  An ugly thing (D:11)
  A freezing wraith (D:11)
  4 trolls
  Prince Ribbit (D:7)
  3 hippogriffs
  Sigmund (D:3)
  A wraith (D:10)
  The ghost of poulshu the Skirmisher, an amateur MiAK of Lugonu (D:3)
  4 yaks (D:11)
  3 hungry ghosts (D:10)
  Edmund (D:4)
  A two-headed ogre zombie (D:10)
  Duvessa (D:4)
  A porcupine (D:11)
  6 ice beasts
  3 orc warriors
  2 phantoms
  5 black bears (D:11)
  4 ogres
  4 centaurs
  A crocodile (D:11)
  3 big kobolds
  A gnoll sergeant (D:10)
  5 bullfrogs
  Dowan (D:4)
  2 scorpions
  A troll zombie (D:11)
  3 howler monkeys
  3 wights (D:9)
  3 crimson imps
  A jelly (D:6)
  5 hounds
  2 bullfrog zombies (D:10)
  2 centaur skeletons
  3 orc priests
  4 iguanas
  12 orc wizards
  14 worker ants
  6 ogre zombies (D:10)
  A hound skeleton (D:7)
  Robin (D:2)
  A worker ant zombie (D:11)
  A howler monkey skeleton (D:3)
  9 gnolls
  9 adders
  2 oozes
  An adder zombie (D:9)
  An adder skeleton (D:6)
  2 worms
  5 dart slugs
  8 leopard geckos
  36 orcs
  5 giant cockroaches
  15 goblins
  13 hobgoblins
  8 jackals
  5 quokkas
  4 bats
  8 frilled lizards
  A goblin skeleton (D:10)
  3 goblin zombies (D:10)
  A hobgoblin skeleton (D:10)
  3 hobgoblin zombies (D:10)
  A jackal skeleton (D:4)
  22 kobolds
  2 orc skeletons (D:10)
  15 orc zombies (D:10)
  A quokka skeleton (D:4)
  9 rats
  A fungus (D:11)
  2 plants (D:11)
317 creatures vanquished.

Vanquished Creatures (others)
  19 fungi (D:11)
  6 plants (D:11)
  4 toadstools (D:1)
29 creatures vanquished.

Grand Total: 346 creatures vanquished

Notes
Turn   | Place    | Note
-------+----------+-------------------------------------------
     0 | D:1      | Firecrotchwizard the Minotaur Berserker began the quest for the Orb.
     0 | D:1      | Reached XP level 1. HP: 19/19 MP: 0/0
    86 | D:1      | Reached skill level 4 in Axes
    87 | D:1      | Reached XP level 2. HP: 22/27 MP: 1/1
   490 | D:1      | Reached XP level 3. HP: 30/33 MP: 2/2
   490 | D:1      | Reached ** piety under Trog
   798 | D:2      | Noticed Robin
   813 | D:2      | Reached skill level 5 in Axes
   832 | D:2      | Killed Robin
  1002 | D:2      | Reached XP level 4. HP: 40/40 MP: 3/3
  1542 | D:3      | Reached *** piety under Trog
  1724 | D:3      | Noticed Sigmund
  1742 | D:3      | Noticed poulshu's ghost (amateur MiAK)
  2119 | D:3      | Reached skill level 6 in Axes
  2119 | D:3      | Reached skill level 1 in Slings
  2119 | D:3      | Reached XP level 5. HP: 8/46 MP: 0/4
  2414 | D:3      | Killed Sigmund
  2414 | D:3      | Reached skill level 7 in Axes
  2414 | D:3      | Reached XP level 6. HP: 27/53 MP: 2/5
  2415 | D:3      | Killed poulshu's ghost
  3069 | D:4      | Reached skill level 8 in Axes
  3069 | D:4      | Reached XP level 7. HP: 54/60 MP: 4/6
  3255 | D:4      | Upgraded the game from 0.20-b1-12-g5827e59 to 0.20-b1-18-gaa2fd62
  3569 | D:4      | Noticed Duvessa
  3575 | D:4      | Reached skill level 5 in Fighting
  3585 | D:4      | Killed Duvessa
  3585 | D:4      | Reached skill level 9 in Axes
  3585 | D:4      | Reached skill level 1 in Shields
  3625 | D:4      | Noticed Dowan
  3672 | D:4      | Killed Dowan
  4128 | D:4      | Noticed Edmund
  4141 | D:4      | Killed Edmund
  4141 | D:4      | Reached XP level 8. HP: 68/69 MP: 7/7
  4357 | D:5      | Entered Level 5 of the Dungeon
  4373 | D:5      | Reached skill level 5 in Armour
  4401 | D:5      | Reached **** piety under Trog
  4683 | D:5      | Received a gift from Trog
  4968 | D:5      | Found a burning altar of Makhleb.
  5267 | D:6      | Found Luosaefe's Weapon Shoppe.
  5277 | D:6      | Reached skill level 10 in Axes
  5456 | D:6      | Got a smoking robe
  5477 | D:6      | Identified the +2 robe "Bikaotwe" {Int+7} (You found it on level 6 of the Dungeon)
  5535 | D:6      | Found Subleoxu's Antique Weapon Boutique.
  6004 | D:6      | Reached XP level 9. HP: 50/78 MP: 5/8
  6110 | D:6      | Found Womie's Gadget Shoppe.
  6326 | D:7      | Found Rosimn's Book Shoppe.
  6378 | D:7      | Found a snail-covered altar of Cheibriados.
  6411 | D:7      | Noticed Prince Ribbit
  6415 | D:7      | Reached skill level 11 in Axes
  6415 | D:7      | Reached skill level 5 in Shields
  6416 | D:7      | Received a gift from Trog
  6433 | D:7      | Killed Prince Ribbit
  6825 | D:7      | Found a staircase to the Ecumenical Temple.
  7200 | D:8      | Found a stormy altar of Qazlal.
  7580 | D:8      | Found a bloodstained altar of Trog.
  7581 | D:8      | Found a deep blue altar of Sif Muna.
  7583 | D:8      | Found a glowing silver altar of Zin.
  7585 | D:8      | Found an ancient bone altar of Kikubaaqudgha.
  7586 | D:8      | Found an opulent altar of Gozag.
  7872 | D:9      | Noticed a troll
  7891 | D:9      | Killed a troll
  8079 | D:9      | Noticed a troll
  8082 | D:9      | Reached ***** piety under Trog
  8098 | D:9      | Killed a troll
  8098 | D:9      | Reached skill level 12 in Axes
  8260 | D:9      | Reached XP level 10. HP: 83/88 MP: 6/9
  8946 | D:10     | Entered Level 10 of the Dungeon
  9046 | D:10     | Found a staircase to the Orcish Mines.
  9245 | D:10     | Reached skill level 5 in Dodging
  9260 | D:10     | Noticed Erica
  9275 | D:10     | Killed Erica
  9275 | D:10     | Reached skill level 13 in Axes
  9286 | D:10     | Received a gift from Trog
  9313 | D:10     | Found Kulock's Jewellery Emporium.
  9324 | D:10     | Bought a +4 amulet of reflection for 405 gold pieces
  9895 | D:10     | Reached XP level 11. HP: 67/97 MP: 6/10
 10182 | D:11     | Found a staircase to the Lair.
 10469 | D:11     | Noticed a cyan ugly thing
 10496 | D:11     | Killed a cyan ugly thing
 10496 | D:11     | Reached skill level 14 in Axes
 10923 | D:11     | Found Cegomp's General Store.
 10956 | D:11     | Found Tuokud's Distillery.
 10992 | D:11     | Found Soasch's Armour Shoppe.
 11048 | D:11     | Noticed a skeletal warrior
 11061 | D:11     | Slain by a freezing wraith

Skill      XL: |  1  2  3  4  5  6  7  8  9 10 11 |
---------------+----------------------------------+-----
Axes           | 4 5 6 7 8 9 10 12 13 14 | 14.1
Fighting       | 4 5 6 8 9 |  9.8
Armour         | 3 4 6 7 8 9 |  9.4
Slings         | 1 2 |  2.2
Shields        | 2 4 5 |  5.5
Dodging        | 3 5 6 |  6.3
Throwing       | |  0.2
Evocations     | |  0.5

Action                   |  1- 3 |  4- 6 |  7- 9 | 10-12 || total
-------------------------+-------+-------+-------+-------++-------
Melee: Hand axe          |    99 |    24 |       |       ||   123
       Headbutt          |    15 |    11 |    60 |   100 ||   186
       War axe           |       |    60 |   296 |   359 ||   715
 Fire: Hunting sling     |       |    13 |    22 |    13 ||    48
Throw: Stone             |       |     3 |       |       ||     3
Invok: Trog's Hand       |       |     2 |     1 |     1 ||     4
       Berserk           |       |     1 |       |     1 ||     2
       Burn Spellbooks   |       |       |     2 |     1 ||     3
  Use: Scroll            |       |       |    14 |     2 ||    16
  Eat: Chunk             |       |     5 |    13 |     5 ||    23
       Royal jelly       |       |     1 |       |     2 ||     3
       Bread ration      |       |     1 |       |     1 ||     2
       Fruit             |       |       |     1 |     2 ||     3
Armor: Scale mail        |    46 |    32 |    20 |       ||    98
       Chain mail        |       |       |    32 |       ||    32
       Plate armour      |       |       |    92 |   146 ||   238
Dodge: Dodged            |    55 |    53 |    90 |    98 ||   296
Block: Buckler           |       |       |    64 |   113 ||   177
       Reflection        |       |       |       |     1 ||     1
